Map: Sequencer LE

Players

Yata - Winner!

  • Race: Zerg Zerg
  • League: Bronze
  • Spawn Location: 7:00

A.I. 1 (Medium)

  • Race: Protoss Protoss
  • Spawn Location: 1:00

VOD

Have the link to the VOD?

Description

Time

  • Played on: July 10, 2017, 4:06 p.m.
  • Length: 15:33
Show
View Real Time Build Order
Export as new Build Order

Yata Zerg - Winner!

Build Orders: Hatch First, Muta Ling Bane 

Get SALT Encoding   

  12  0:01  Drone  
  13  0:13  Overlord  
  13  0:17  Drone  
  14  0:33  Drone  
  14  0:34  Drone  
  16  0:36  Drone  
  17  0:55  Hatchery  
  16  0:59  Drone  
  16  1:01  Drone  
  18  1:05  Extractor  
  17  1:17  Spawning Pool  
  16  1:22  Drone x2  
  18  1:29  Drone  
  19  1:39  Overlord  
  19  1:53  Drone  
  20  2:05  Queen  
  20  2:07  Metabolic Boost  
  22  2:12  Zergling x4  
  22  2:14  Queen  
  26  2:24  Drone x3  
  29  2:40  Drone x2  
  29  2:41  Drone  
  32  2:51  Queen  
  32  2:58  Overlord  
  33  3:31  Baneling Nest  
  33  3:33  Lair  
  32  3:43  Hatchery  
  32  3:45  Drone  
  32  3:47  Drone x4  
  36  3:49  Drone x3  
  40  3:55  Zergling x4  
  40  3:56  Zergling x2  
  42  4:16  Extractor  
  41  4:17  Baneling x2  
  41  4:18  Baneling  
  41  4:32  Overlord x2  
  41  4:49  Pneumatized Carapace  
  41  4:55  Zergling x8  
  41  4:56  Zergling x4  
  47  5:07  Centrifical Hooks  
  47  5:15  Drone x4  
  51  5:21  Drone  
  51  5:22  Drone x11  
  63  5:32  Evolution Chamber  
  62  5:50  Extractor x2  
  62  5:53  Overseer  
  60  6:03  Zerg Melee Weapons Level 1  
  60  6:31  Baneling x3  
  60  6:32  Baneling x3  
  59  6:33  Baneling x3  
  50  7:04  Zergling x8  
  50  7:05  Zergling x22  
  50  7:06  Zergling x2  
  66  7:26  Spire  
  65  7:38  Overlord x2  
  65  8:15  Zerg Melee Weapons Level 2  
  65  8:17  Hatchery  
  64  8:31  Baneling  
  64  8:32  Baneling x6  
  64  8:33  Baneling x5  
  64  8:34  Baneling  
  64  8:35  Baneling x3  
  48  9:19  Queen  
  50  9:24  Zergling x2  
  50  9:25  Zergling x28  
  50  9:26  Zergling x10  
  70  9:44  Mutalisk  
  70  9:45  Mutalisk x8  
  72  9:50  Overlord x3  
  88  9:58  Zerg Flyer Weapons Level 1  
  88  10:08  Infestation Pit  
  70  11:28  Corruptor x3  
  70  11:29  Mutalisk x3  
  79  11:36  Zergling x24  
  79  11:37  Zergling x6  
  89  12:48  Zergling x20  
  98  13:15  Zergling x4  
  98  13:16  Zergling x6  
  86  14:19  Hive  
  82  14:38  Zergling x2  
  82  14:39  Zergling x42  
  102  14:55  Overlord x3  
  102  14:56  Overlord x2  
Show
View Real Time Build Order
Export as new Build Order

A.I. 1 (Medium) Protoss 

Build Orders: 1 Gate Expand 

Get SALT Encoding   

  12  0:01  Probe (Chrono Boost)  
  13  0:11  Probe (Chrono Boost)  
  14  0:20  Pylon  
  14  0:22  Probe (Chrono Boost)  
  15  0:38  Probe (Chrono Boost)  
  16  0:49  Probe (Chrono Boost)  
  17  0:51  Gateway  
  17  1:10  Nexus  
  17  1:12  Probe (Chrono Boost)  
  18  1:28  Pylon  
  18  1:30  Assimilator  
  18  1:37  Zealot  
  20  1:42  Cybernetics Core  
  20  1:44  Probe (Chrono Boost)  
  21  1:56  Probe (Chrono Boost)  
  22  2:07  Gateway  
  22  2:08  Probe (Chrono Boost)  
  23  2:14  Assimilator  
  23  2:19  Stalker  
  25  2:23  Pylon  
  25  2:24  Probe (Chrono Boost)  
  26  2:31  Warp Gate  
  26  2:37  Probe (Chrono Boost)  
  27  2:47  Zealot  
  29  3:00  Assimilator  
  29  3:02  Stalker, Probe (Chrono Boost)  
  32  3:22  Stalker  
  32  3:26  Probe (Chrono Boost)  
  35  3:33  Assimilator  
  35  3:40  Probe (Chrono Boost)  
  36  3:41  Stalker  
  36  3:43  Probe (Chrono Boost)  
  39  3:52  Probe (Chrono Boost)  
  39  3:54  Probe (Chrono Boost)  
  41  4:02  Sentry  
  41  4:04  Probe (Chrono Boost)  
  41  4:05  Probe (Chrono Boost)  
  44  4:13  Pylon  
  44  4:15  Probe (Chrono Boost)  
  45  4:18  Probe (Chrono Boost)  
  45  4:23  Adept  
  48  4:27  Probe (Chrono Boost)  
  48  4:29  Probe (Chrono Boost)  
  50  4:38  Probe (Chrono Boost)  
  51  4:42  Pylon, Probe (Chrono Boost)  
  51  4:44  Stalker  
  54  4:50  Probe (Chrono Boost)  
  55  4:53  Probe (Chrono Boost)  
  56  5:02  Probe (Chrono Boost)  
  56  5:03  Pylon  
  56  5:04  Zealot, Probe (Chrono Boost)  
  60  5:13  Probe (Chrono Boost)  
  61  5:15  Probe (Chrono Boost)  
  62  5:24  Stalker, Probe (Chrono Boost)  
  62  5:28  Pylon, Probe (Chrono Boost)  
  66  5:35  Robotics Facility  
  67  5:36  Probe (Chrono Boost)  
  67  5:44  Stalker  
  67  5:47  Probe (Chrono Boost)  
  71  5:50  Pylon, Probe (Chrono Boost)  
  71  5:57  Forge  
  71  5:58  Probe (Chrono Boost)  
  71  6:01  Probe (Chrono Boost)  
  71  6:04  Stalker  
  75  6:09  Probe (Chrono Boost)  
  77  6:12  Probe (Chrono Boost)  
  77  6:14  Pylon  
  77  6:20  Probe (Chrono Boost)  
  77  6:21  Observer, Pylon  
  77  6:23  Probe (Chrono Boost)  
  77  6:24  Pylon, Stalker  
  82  6:31  Stargate  
  82  6:32  Photon Cannon  
  82  6:35  Photon Cannon  
  82  6:38  Twilight Council  
  82  6:39  Observer  
  82  6:41  Gateway  
  82  6:44  Sentry  
  82  6:46  Forge  
  85  6:50  Photon Cannon  
  85  6:54  Photon Cannon  
  79  7:04  Sentry  
  81  7:24  Stalker  
  83  7:44  Adept  
  85  8:04  Stalker  
  87  8:52  Zealot  
  70  9:12  Sentry  
  72  9:32  Adept  
  74  9:38  Nexus  
  74  9:52  Adept  
  76  10:12  Stalker  
  76  10:13  Protoss Ground Armor Level 1  
  78  10:14  Protoss Ground Weapons Level 1  
  78  10:16  Warp Prism  
  78  10:21  Gateway  
  80  10:22  Void Ray  
  80  10:24  Robotics Facility  
  84  10:29  Stargate  
  84  10:32  Sentry  
  84  10:34  Templar Archives  
  86  10:39  Dark Shrine  
  86  10:42  Sentry  
  84  10:49  Warp Prism  
  64  10:53  Sentry, Probe (Chrono Boost)  
  68  10:57  Probe (Chrono Boost)  
  68  11:00  Probe (Chrono Boost)  
  68  11:03  Assimilator, Sentry, Probe (Chrono Boost)  
  68  11:04  Assimilator  
  68  11:12  Observer  
  68  11:13  Stalker  
  68  11:14  Probe (Chrono Boost)  
  68  11:17  Probe (Chrono Boost)  
  58  11:20  Probe (Chrono Boost)  
  58  11:23  Stalker  
  58  11:25  Probe (Chrono Boost)  
  49  11:28  Probe (Chrono Boost)  
  49  11:31  Probe (Chrono Boost)  
  47  11:33  Stalker  
  47  11:36  Probe (Chrono Boost)  
  47  11:39  Probe (Chrono Boost)  
  51  11:42  Probe (Chrono Boost)  
  51  11:43  Zealot  
  51  11:46  Probe (Chrono Boost)  
  55  11:50  Probe (Chrono Boost)  
  55  11:54  Stalker, Probe (Chrono Boost)  
  59  11:57  Probe (Chrono Boost)  
  61  12:02  Probe (Chrono Boost)  
  61  12:04  Sentry, Probe (Chrono Boost)  
  61  12:07  Probe (Chrono Boost)  
  61  12:08  Warp Prism  
  65  12:12  Warp Prism  
  65  12:14  Sentry, Probe (Chrono Boost)  
  68  12:19  Probe (Chrono Boost)  
  68  12:21  Probe (Chrono Boost)  
  70  12:24  Sentry  
  70  12:25  Probe (Chrono Boost)  
  74  12:31  Probe (Chrono Boost)  
  74  12:34  High Templar  
  74  12:36  Probe (Chrono Boost)  
  78  12:38  Probe (Chrono Boost)  
  78  12:43  Probe (Chrono Boost)  
  71  12:44  High Templar  
  71  12:46  Probe (Chrono Boost)  
  71  12:49  Probe (Chrono Boost)  
  71  12:52  Void Ray  
  71  12:55  Probe (Chrono Boost)  
  71  12:57  Probe (Chrono Boost)  
  71  12:58  Warp Prism  
  64  13:00  Immortal, Probe (Chrono Boost)  
  56  13:07  Probe (Chrono Boost)  
  56  13:08  Probe (Chrono Boost)  
  56  13:11  Stalker  
  56  13:12  Probe (Chrono Boost)  
  54  13:19  Archon, Probe (Chrono Boost)  
  44  13:21  Zealot  
  44  13:24  Probe (Chrono Boost)  
  35  13:29  Zealot  
  35  13:30  Warp Prism  
  35  13:31  Probe (Chrono Boost)  
  37  13:36  Zealot, Probe (Chrono Boost)  
  34  13:42  Immortal  
  34  13:43  Probe (Chrono Boost)  
  34  13:47  Probe (Chrono Boost)  
  35  13:50  Zealot  
  35  13:54  Probe (Chrono Boost)  
  38  14:00  Stalker  
  34  14:07  Immortal, Nexus  
  36  14:11  Probe (Chrono Boost)  
  38  14:18  Probe (Chrono Boost)  
  38  14:20  Assimilator  
  38  14:22  Probe (Chrono Boost)  
  43  14:28  High Templar  
  36  14:35  High Templar  
  36  14:37  Probe (Chrono Boost)  
  35  14:41  Probe (Chrono Boost)  
  35  14:43  Zealot  
  34  14:47  Probe (Chrono Boost)  
  34  14:52  Probe (Chrono Boost)  
  32  14:58  Zealot  
  32  14:59  Probe (Chrono Boost)  
  34  15:03  Probe (Chrono Boost)  
  31  15:08  Zealot  
  31  15:10  Probe (Chrono Boost)  
  31  15:13  Pylon  
Tags
 
Composition
Muta Ling Bane
League
Bronze
Matchup
PvZ
Replay Pack
Pack 1
Spawn Locations
Cross Positions
Add a new tag
Caveats
  • Supply blocks, unpowered buildings, or Contaminate may cause inaccurate times.
  • Supply counts are checked every 10 seconds.